 Dungeon Crawl Stone Soup version 0.17-a0-670-g5d95ebd (webtiles) character file.

62200 FedoraBrony69 the Eclecticist (level 14, -1/80 HPs)
             Began as a Deep Elf Conjurer on Apr 18, 2015.
             Was the Champion of Vehumet.
             Splashed by an acid blob's acid (5 damage)
             ... on level 8 of the Lair of Beasts.
             The game lasted 01:44:23 (23442 turns).

FedoraBrony69 the Eclecticist (Deep Elf Conjurer)  Turns: 23442, Time: 01:44:23

Health: -1/80      AC: -9    Str:  6    XL:     14   Next: 63%
Magic:  0/47       EV: 21    Int: 25    God:    Vehumet [******]
Gold:   696        SH:  6    Dex: 17    Spells: 6 memorised, 33 levels left

rFire  + . .     SeeInvis .     S - +8 lance "Wyrmbane" {slay drac, +Rage rPois rF+ AC+5}
rCold  . . .     Clarity  .     C - +1 robe {Archmagi}
rNeg   + . .     SustAb   .     i - +0 buckler
rPois  +         Gourm    .     K - +0 hat {MR+}
rElec  .         Spirit   +     n - +0 cloak {rPois}
rCorr  .         Warding  .     E - +0 pair of gloves
rMut   .         Stasis   .     D - +0 pair of boots
MR     ++...                    f - amulet of guardian spirit
Stlth  ++........               Q - ring of magical power
                                V - ring "Timac" {rN+ Dex+2}

@: corroded equipment, repel missiles, very resistant to hostile enchantments,
unstealthy
A: no striking features
a: Renounce Religion, Evoke Berserk Rage


You were on level 8 of the Lair of Beasts.
You worshipped Vehumet.
Vehumet was exalted by your worship.
You were not hungry.

You visited 3 branches of the dungeon, and saw 19 of its levels.

You collected 895 gold pieces.
You spent 199 gold pieces at shops.

Inventory:

Hand weapons
 B - a +0 spear
 S - the +8 lance "Wyrmbane" (weapon) {slay drac, +Rage rPois rF+ AC+5}
   (You found it on level 5 of the Lair of Beasts)

   It affects your AC (+5).
   It protects you from fire.
   It protects you from poison.
   It lets you go berserk.
Armour
 i - a +0 buckler (worn)
 n - a +0 cloak of poison resistance (worn)
 p - a +1 robe of magic resistance
 C - a +1 robe of the Archmagi (worn)
 D - a +0 pair of boots (worn)
 E - a +0 pair of gloves (worn)
 K - a +0 hat of magic resistance (worn)
Jewellery
 f - an amulet of guardian spirit (around neck)
 y - a +3 ring of evasion {unknown}
 Q - a ring of magical power (right hand)
 V - the ring "Timac" (left hand) {rN+ Dex+2}
   (You found it on level 5 of the Lair of Beasts)

   [ring of positive energy]

   It affects your dexterity (+2).
   It protects you from negative energy.
Magical devices
 c - a wand of teleportation (1)
 d - a wand of disintegration (18)
 J - a wand of digging (7)
Scrolls
 a - 2 scrolls of random uselessness {unknown}
 e - 11 scrolls of remove curse
 h - 3 scrolls of fear {unknown}
 l - 2 scrolls of fog
 m - a scroll of recharging {unknown}
 o - 3 scrolls of magic mapping {unknown}
 r - a scroll of vulnerability {unknown}
 s - 8 scrolls of teleportation
 w - 5 scrolls of enchant weapon {unknown}
 I - 2 scrolls of identify
Potions
 j - 2 potions of brilliance
 k - 10 potions of curing
 q - 2 potions of beneficial mutation {unknown}
 t - 4 potions of might {unknown}
 u - 2 potions of resistance {unknown}
 v - 2 potions of cancellation {unknown}
 x - 4 potions of haste {unknown}
 A - 5 potions of restore abilities {unknown}
 N - a potion of flight
Comestibles
 b - 10 bread rations
 g - 12 meat rations
 z - 19 fruits
 F - 14 royal jellies
 G - 5 beef jerkies
 X - 3 slices of pizza


   Skills:
 + Level 6.8 Fighting
 * Level 12.5 Dodging
 - Level 2.4 Stealth
 - Level 5.2 Shields
 - Level 18.2 Spellcasting
 * Level 15.3 Conjurations
 - Level 8.0 Charms
 - Level 4.1 Translocations
 - Level 2.0 Air Magic


You had 33 spell levels left.
You knew the following spells:

 Your Spells              Type           Power        Failure   Level  Hunger
a - Magic Dart            Conj           ####         0%          1    None
b - Iskenderun's Battles  Conj/Chrm      #######.     1%          5    None
c - Iskenderun's Mystic   Conj           #######.     1%          4    None
d - Repel Missiles        Chrm/Air       ######       1%          2    None
e - Blink                 Tloc           N/A          1%          2    None
f - Swiftness             Chrm/Air       ######..     1%          2    None


Dungeon Overview and Level Annotations

Branches:
Dungeon (10/15)            Temple (1/1) D:4            Lair (8/8) D:10
 Shoals (0/5) Lair:6       Spider (0/5) Lair:6        Slime (0/6) Lair:8
    Orc: D:9-12

Altars:
Ashenzari
Cheibriados
Dithmenos
Elyvilon
Fedhas
Gozag
Kikubaaqudgha
Makhleb
Nemelex Xobeh
Okawaru
Qazlal
Ru
Sif Muna
Trog
Vehumet
Xom
Yredelemnul
Zin
The Shining One
Jiyva

Shops:
D:5 !   D:7 :   D:8 [   D:10 ?

Annotations:
D:6 1 runed door


Message History

The acid blob hits you!!!
You are splashed with acid!
The acid corrodes your equipment!
The acid burns!
The acid blob hits you.
You are splashed with acid!
The acid corrodes your equipment!
The acid burns!
All of the chunks of flesh in your inventory have rotted away.
Casting: Iskenderun's Mystic Blast
Confirm with . or Enter, or press ? or * to list all spells.
Aiming: Iskenderun's Mystic Blast
Press: ? - help, Shift-Dir - straight line, f/p - acid blob
Aim: an acid blob (almost dead)
You feel a surge of power!
The orb of energy hits the acid blob.
The acid blob is almost dead.
The orb of energy explodes!
The mystic blast hits the acid blob.
The acid blob is severely wounded.
Your battlesphere fires!
The barrage of energy hits the acid blob.
The acid blob is almost dead.
The acid blob hits you!!
* * * LOW HITPOINT WARNING * * *
You are splashed with acid!
The acid corrodes your equipment!
The acid burns!
You die...

... ..............
...............†.....
......................
.....................
.P...................
.P.P................
.P.##..............
#####.##.P............
#...#@.#P.............
#>.JJ..*..............
#...#..##...........≈.
#####..........≈P.....
............P≈≈....≈
..................≈≈≈
#............≈..≈≈≈≈≈≈
.#.....#.#....≈≈≈PP≈≈≈
.#....##......≈≈P≈≈P≈


You could see 2 acid blobs.

Vanquished Creatures
  Kirke (Lair:5)
  Maud (Lair:5)
  5 hydras
  A catoblepas (Lair:5)
  Erolcha (D:8)
  19 death yaks
  The ghost of DDCT the Thaumaturge, a powerful HECj of Kikubaaqudgha (Lair:4)
  Nergalle (Lair:1)
  The ghost of DDCT the Thaumaturge, an experienced DECj of Kikubaaqudgha (Lair:1)
  The ghost of DDCT the Thaumaturge, an experienced DECj of Vehumet (Lair:1)
  A wolf spider (Lair:6)
  2 griffons
  A necromancer (Lair:5)
  12 elephants
  5 black mambas
  4 torpor snails
  21 spiny frogs
  4 komodo dragons
  The ghost of JamPaladin the Dealer of Despair, an experienced DsNe of Kikubaaqudgha (D:6)
  3 fire drakes
  A polar bear (Lair:8)
  A troll (D:9)
  29 blink frogs
  A two-headed ogre (D:10)
  A queen bee (Lair:1)
  A boulder beetle (Lair:5)
  2 giant leeches (Lair:8)
  A wraith (D:10)
  Sigmund (D:4)
  3 wyverns
  A deep elf mage (D:10)
  A human (D:10)
  3 vampire mosquitoes (Lair:8)
  2 basilisks
  25 yaks
  A steam dragon (Lair:7)
  Edmund (D:5)
  7 hogs
  7 hippogriffs
  4 porcupines
  A soldier ant (D:6)
  11 water moccasins
  Duvessa (D:5)
  2 orc warriors
  A black bear (D:6)
  An elephant zombie (Lair:5)
  3 ice beasts
  2 sky beasts
  A necrophage (D:6)
  3 ogres
  2 phantoms
  15 crocodiles
  25 giant frogs
  Dowan (D:5)
  9 scorpions
  A wyvern skeleton (D:10)
  3 wights (D:4)
  2 vampire bats (D:5)
  8 electric eels
  2 centaur zombies
  24 killer bees
  2 goliath beetles (D:6)
  3 hounds
  4 crimson imps
  A giant frog zombie (D:10)
  A basilisk zombie (Lair:5)
  A giant frog skeleton (D:5)
  6 orc priests
  3 centaur skeletons
  A jelly (D:6)
  A quasit (D:8)
  9 orc wizards
  A spectral orc (Lair:1)
  8 iguanas
  10 worker ants
  A crocodile zombie (Lair:5)
  11 sheep
  4 gnolls
  15 adders
  28 river rats
  6 shadow imps
  2 oozes
  2 worms
  7 giant geckos
  37 orcs
  2 ball pythons (D:4)
  17 bats
  6 bat skeletons
  2 bat zombies (D:5)
  12 giant cockroaches
  12 hobgoblins
  14 jackals
  5 quokkas
  5 giant newts
  A giant spore (D:7)
  18 goblins
  20 kobolds
  A quokka zombie (D:7)
  13 rats
  2 ballistomycetes (D:7)
  7 fungi
  A plant (Lair:8)
599 creatures vanquished.

Vanquished Creatures (others)
  8 fungi
  3 plants (Lair:8)
11 creatures vanquished.

Grand Total: 610 creatures vanquished

Notes
Turn   | Place    | Note
--------------------------------------------------------------
     0 | D:1      | FedoraBrony69, the Deep Elf Conjurer, began the quest for the Orb.
     0 | D:1      | Reached XP level 1. HP: 10/10 MP: 6/6
   200 | D:1      | Reached XP level 2. HP: 15/15 MP: 2/8
   390 | D:1      | Reached XP level 3. HP: 19/19 MP: 5/10
   441 | D:1      | Reached skill level 5 in Conjurations
   716 | D:2      | Found a radiant altar of Vehumet.
   729 | D:2      | Became a worshipper of Vehumet
  1219 | D:2      | Reached XP level 4. HP: 24/24 MP: 5/12
  1474 | D:2      | Reached skill level 5 in Spellcasting
  1514 | D:2      | Acquired Vehumet's first power
  1514 | D:2      | Offered knowledge of Freeze by Vehumet.
  1628 | D:2      | Learned a level 4 spell: Iskenderun's Mystic Blast
  2110 | D:3      | Reached XP level 5. HP: 28/28 MP: 11/14
  2434 | D:3      | Learned a level 5 spell: Iskenderun's Battlesphere
  2623 | D:3      | Offered knowledge of Flame Tongue by Vehumet.
  2627 | D:3      | Reached skill level 6 in Conjurations
  2847 | D:3      | Reached skill level 1 in Charms
  3129 | D:4      | Reached XP level 6. HP: 32/32 MP: 3/17
  3482 | D:4      | Offered knowledge of Conjure Flame by Vehumet.
  3643 | D:4      | Noticed a phantom
  3650 | D:4      | Killed a phantom
  3748 | D:4      | Noticed Sigmund
  3828 | D:4      | Killed Sigmund
  3828 | D:4      | Reached skill level 5 in Charms
  3828 | D:4      | Reached XP level 7. HP: 25/36 MP: 6/19
  3931 | D:4      | Learned a level 2 spell: Repel Missiles
  3934 | D:4      | Learned a level 2 spell: Blink
  3954 | D:4      | Reached skill level 7 in Spellcasting
  4107 | D:4      | Found a staircase to the Ecumenical Temple.
  4118 | Temple   | Entered the Ecumenical Temple
  4390 | D:4      | Acquired Vehumet's second power
  4889 | D:5      | Entered Level 5 of the Dungeon
  4961 | D:5      | Noticed Duvessa
  4964 | D:5      | Killed Duvessa
  4964 | D:5      | Reached skill level 8 in Spellcasting
  4964 | D:5      | Reached XP level 8. HP: 41/41 MP: 12/22
  5114 | D:5      | Offered knowledge of Static Discharge by Vehumet.
  5407 | D:5      | Reached skill level 9 in Spellcasting
  5430 | D:5      | Found a deep blue altar of Sif Muna.
  5548 | D:5      | Found Suonypri's Distillery.
  5568 | D:5      | Bought a potion of curing for 30 gold pieces
  5568 | D:5      | Bought a potion of poison for 10 gold pieces
  5568 | D:5      | Bought a potion of degeneration for 10 gold pieces
  5568 | D:5      | Bought a potion of flight for 30 gold pieces
  5581 | D:5      | Noticed Dowan
  5583 | D:5      | Killed Dowan
  5758 | D:5      | Noticed Edmund
  5763 | D:5      | Killed Edmund
  5938 | D:5      | Acquired Vehumet's third power
  6015 | D:5      | Found an ancient bone altar of Kikubaaqudgha.
  6019 | D:5      | Reached skill level 10 in Spellcasting
  6139 | D:6      | Offered knowledge of Force Lance by Vehumet.
  6315 | D:6      | Reached skill level 1 in Shields
  6315 | D:6      | Reached XP level 9. HP: 45/45 MP: 17/25
  6842 | D:6      | Found a runed door.
  6881 | D:6      | Found a runed door.
  7159 | D:6      | Noticed JamPaladin's ghost (experienced DsNe)
  7163 | D:6      | Killed JamPaladin's ghost
  7163 | D:6      | Reached skill level 5 in Shields
  7479 | D:7      | Got a crystal rapier
  7480 | D:7      | Identified the +5 rapier of the Swamp {drain, rPois rC+ MR- Stlth+} (You found it on level 7 of the Dungeon)
  7543 | D:7      | Reached skill level 1 in Air Magic
  7745 | D:7      | Found Duppimy's Book Shoppe.
  7748 | D:7      | Reached skill level 1 in Translocations
  8198 | D:8      | Noticed Erolcha
  8390 | D:8      | Reached skill level 11 in Spellcasting
  8453 | D:8      | Killed Erolcha
  8453 | D:8      | Reached XP level 10. HP: 34/50 MP: 8/27
  8472 | D:8      | Found Zuacs's Antique Armour Emporium.
  8810 | D:8      | Found a burning altar of Makhleb.
  8859 | D:8      | Offered knowledge of Poison Arrow by Vehumet.
  8949 | D:8      | Learned a level 2 spell: Swiftness
  9133 | D:9      | Found a sparkling altar of Nemelex Xobeh.
  9177 | D:9      | Found a shattered altar of Ashenzari.
  9271 | D:9      | Found a bloodstained altar of Trog.
  9279 | D:9      | Found a blossoming altar of Fedhas.
  9293 | D:9      | Found an opulent altar of Gozag.
  9296 | D:9      | Found a snail-covered altar of Cheibriados.
  9298 | D:9      | Reached skill level 12 in Spellcasting
  9554 | D:9      | Found a white marble altar of Elyvilon.
  9732 | D:10     | Entered Level 10 of the Dungeon
  9929 | D:10     | Found a staircase to the Lair.
 10191 | D:10     | Reached skill level 13 in Spellcasting
 10351 | D:10     | Reached skill level 10 in Conjurations
 10621 | D:10     | Found Kaepemm's Magic Scroll Emporium.
 10624 | D:10     | Bought a scroll of identify for 34 gold pieces
 10624 | D:10     | Bought a scroll of noise for 17 gold pieces
 10624 | D:10     | Bought a scroll of identify for 34 gold pieces
 10624 | D:10     | Bought a scroll of fog for 34 gold pieces
 11172 | Lair:1   | Entered Level 1 of the Lair of Beasts
 11176 | Lair:1   | Noticed DDCT's ghost (experienced DECj)
 11450 | D:10     | Reached skill level 14 in Spellcasting
 11450 | D:10     | Reached XP level 11. HP: 48/54 MP: 22/31
 11567 | Lair:1   | Killed DDCT's ghost
 11873 | Lair:1   | Noticed DDCT's ghost (experienced DECj)
 11878 | Lair:1   | Killed DDCT's ghost
 12206 | Lair:1   | Reached skill level 15 in Spellcasting
 12224 | Lair:1   | Noticed Nergalle
 12597 | Lair:1   | Killed Nergalle
 13473 | Lair:2   | Reached skill level 1 in Fighting
 13473 | Lair:2   | Reached skill level 16 in Spellcasting
 13898 | Lair:2   | Noticed an eight-headed hydra
 13901 | Lair:2   | Killed an eight-headed hydra
 14654 | Lair:3   | Reached XP level 12. HP: 61/61 MP: 22/34
 14774 | Lair:3   | Found a snail-covered altar of Cheibriados.
 14982 | Lair:3   | Identified a scroll of acquirement
 15180 | Lair:4   | Noticed DDCT's ghost (powerful HECj)
 15184 | Lair:4   | Killed DDCT's ghost
 15262 | Lair:4   | Reached skill level 5 in Dodging
 15262 | Lair:4   | Reached skill level 17 in Spellcasting
 16149 | Lair:5   | Noticed Kirke
 16159 | Lair:5   | Killed Kirke
 16574 | Lair:5   | Noticed Maud
 16581 | Lair:5   | Killed Maud
 16596 | Lair:5   | Found a labyrinth entrance.
 16805 | Lair:5   | Reached skill level 18 in Spellcasting
 16810 | Lair:5   | Noticed a catoblepas
 16822 | Lair:5   | Killed a catoblepas
 16956 | Lair:5   | Reached XP level 13. HP: 70/70 MP: 32/37
 17385 | Lair:5   | Got a transparent lead ring
 17389 | Lair:5   | Identified the ring "Timac" {rN+ Dex+2} (You found it on level 5 of the Lair of Beasts)
 17895 | Lair:6   | Found a staircase to the Shoals.
 17902 | Lair:6   | Offered knowledge of Throw Icicle by Vehumet.
 17904 | Lair:6   | Found a hole to the Spider Nest.
 19236 | Lair:6   | Reached skill level 5 in Fighting
 20009 | Lair:8   | Entered Level 8 of the Lair of Beasts
 20112 | Lair:7   | Reached skill level 10 in Dodging
 21087 | Lair:8   | Reached XP level 14. HP: 79/79 MP: 21/38
 22381 | Lair:8   | Reached skill level 15 in Conjurations
 22664 | Lair:8   | Offered knowledge of Ignite Poison by Vehumet.
 23425 | Lair:8   | Found a runed door.
 23427 | Lair:8   | Found a viscous altar of Jiyva.
 23429 | Lair:8   | Noticed an acid blob
 23429 | Lair:8   | Noticed an acid blob
 23431 | Lair:8   | Found a staircase to the Slime Pits.
 23442 | Lair:8   | HP: 4/80 [acid blob (26)]
 23442 | Lair:8   | Splashed by an acid blob's acid

Action                   |  1- 3 |  4- 6 |  7- 9 | 10-12 | 13-15 || total
-------------------------+-------+-------+-------+-------+-------++-------
Melee: Short sword       |     1 |     7 |     2 |       |       ||    10
       Whip              |       |       |     6 |       |       ||     6
       Rapier            |       |       |    13 |    20 |       ||    33
       Lance             |       |       |       |       |    34 ||    34
 Cast: Magic Dart        |    82 |   153 |   115 |    83 |    28 ||   461
       Iskenderun's Myst |       |    22 |    97 |   269 |   300 ||   688
       Iskenderun's Batt |       |       |    23 |    52 |    58 ||   133
       Repel Missiles    |       |       |       |     1 |       ||     1
       Swiftness         |       |       |       |     1 |     9 ||    10
  Use: Scroll            |       |       |     6 |     7 |     1 ||    14
       Potion            |       |       |       |     1 |       ||     1
  Eat: Chunk             |     1 |    10 |    21 |    22 |    18 ||    72
       Pizza             |       |       |       |     4 |     1 ||     5
